 Dungeon Crawl Stone Soup version 0.25.1-8-g42b30a86e7 (webtiles) character file.

Game seed: 10140017487340314921

218 hehateme the Charmwright (level 5, 0/43 HPs)
             Began as a Gnoll Skald on Dec 16, 2020.
             Slain by an orc
             ... wielding a +2 dagger of venom
              (3 damage)
             ... on level 3 of the Dungeon.
             The game lasted 00:06:28 (3467 turns).

hehateme the Charmwright (Gnoll Skald)              Turns: 3467, Time: 00:06:29

Health: 0/43       AC:  0    Str: 14    XL:     5   Next: 95%
Magic:  3/12       EV: 14    Int: 15    God:
Gold:   118        SH:  0    Dex: 15    Spells: 11/14 levels left

rFire    . . .     SeeInvis .   q - +3 dagger
rCold    . . .     Gourm    .   (no shield)
rNeg     . . .     Faith    .   b - +0 leather armour
rPois    .         Spirit   .   (no helmet)
rElec    .         Reflect  .   (no cloak)
rCorr    .         Harm     .   (no gloves)
MR       .....                  (no boots)
Stlth    ++........             (no amulet)
HPRegen  0.14/turn              (no ring)
MPRegen  0.13/turn              (no ring)

@: lethally poisoned (0 -> -2), infused, singing, corroded
A: distributed training, fangs 1, strong nose
a: no special abilities


You were on level 3 of the Dungeon.
You were not hungry.

You visited 1 branch of the dungeon, and saw 3 of its levels.

You collected 118 gold pieces.

Inventory:

Hand Weapons
 a - a +0 spear
 q - a +3 dagger (weapon)
   (You took it off an orc on level 3 of the Dungeon)
Armour
 b - a +0 leather armour (worn)
Jewellery
 o - an uncursed amulet of regeneration {unknown}
   (You found it on level 2 of the Dungeon)
Scrolls
 c - a scroll of remove curse {unknown}
 e - 4 scrolls of teleportation {unknown}
 g - 3 scrolls of identify {unknown}
 j - 2 scrolls of magic mapping {unknown}
 k - a scroll of immolation {unknown}
 l - a scroll of fog {unknown}
Potions
 f - a potion of cancellation {unknown}
 h - a potion of degeneration {unknown}
 i - 3 potions of heal wounds {unknown}
 m - a potion of resistance {unknown}
 n - 2 potions of curing {unknown}
 p - a potion of stabbing {unknown}
Comestibles
 d - 8 rations
 r - 5 chunks of flesh {@w0}


   Skills:
 + Level 4.8 Fighting
 + Level 1.6 Short Blades
 + Level 1.6 Long Blades
 + Level 1.6 Axes
 + Level 1.6 Maces & Flails
 + Level 4.8 Polearms
 + Level 1.6 Staves
 + Level 1.6 Slings
 + Level 1.6 Bows
 + Level 1.6 Crossbows
 + Level 1.6 Throwing
 + Level 3.1 Armour
 + Level 4.8 Dodging
 + Level 1.6 Stealth
 + Level 1.6 Shields
 + Level 1.6 Unarmed Combat
 + Level 5.2 Spellcasting
 + Level 1.3 Conjurations
 + Level 1.3 Hexes
 + Level 5.6 Charms
 + Level 1.3 Summonings
 + Level 1.3 Necromancy
 + Level 1.3 Translocations
 + Level 1.3 Transmutations
 + Level 1.3 Fire Magic
 + Level 1.3 Ice Magic
 + Level 1.3 Air Magic
 + Level 1.3 Earth Magic
 + Level 1.3 Poison Magic
 + Level 1.9 Invocations
 + Level 1.6 Evocations


You had 11 spell levels left.
You knew the following spells:

 Your Spells              Type           Power        Failure   Level  Hunger
a - Infusion              Chrm           ###.         1%          1    None
S - Song of Slaying       Chrm           ###.....     3%          2    ##.....

Your spell library contained the following spells:

 Spells                   Type           Power        Failure   Level  Hunger
 Shroud of Golubria       Chrm/Tloc      ##....       7%          2    ##.....
 Ozocubu's Armour         Chrm/Ice       ##......     14%         3    ###....
 Spectral Weapon          Hex/Chrm       ##......     14%         3    ###....


Dungeon Overview and Level Annotations

Branches:
Dungeon (3/15)

Altars:
Ashenzari
Makhleb

Annotations:
D:2 Sigmund
D:3 Ijyb


Innate Abilities, Weirdness & Mutations

Your experience applies equally to all skills.
You have very sharp teeth.
Your uncanny sense of smell can sniff out nearby items.


Message History

The helpless giant cockroach fails to defend itself.
You puncture the giant cockroach!
You kill the giant cockroach!
No target in view!
No target in view!
Found a stone staircase leading down.
There is a stone staircase leading down here.
A bat comes into view.
A bat is nearby!
The helpless bat fails to defend itself.
You puncture the bat!
You kill the bat!
No target in view!
You butcher the bat corpse.
r - 10 chunks of flesh {@w0} (gained 1)
You see here a bat skeleton. x2
j - 2 scrolls labeled YRUCID KEEGIU (gained 1)
You see here 11 arrows.
A leopard gecko comes into view.
The leopard gecko hisses angrily.
A leopard gecko is nearby!
A hobgoblin comes into view.
It is wielding a +0 club. 2 orcs and a dart slug come into view.
The orc shouts!
You hear a shout!
An adder comes into view.
A kobold comes into view. It is wielding a +0 dagger.
A goblin comes into view.
Ijyb the Twisted Goblin comes into view.
She is carrying a wand of acid (12).
The orc shouts!
You start singing a song of slaying.
The kobold shouts!
The hobgoblin shouts!
You hear a shout!
An orc comes into view. It is wielding a +2 dagger of venom.
A worm comes into view.
An orc comes into view. It is wielding a +0 club.
The leopard gecko bites you.
Firing (i - inventory) No suitable missiles.
Aim: a leopard gecko
Okay, then.
You take 3 damage, and have 40/43 hp.
You now have 10/12 mp.
You begin infusing your attacks with magical energy.
The orc shouts!
The leopard gecko barely misses you.
Firing (i - inventory) No suitable missiles.
Aim: a leopard gecko
Okay, then.
You now have 9/12 mp.
The leopard gecko bites you.
You take 2 damage, and have 38/43 hp.
You puncture the leopard gecko!
You kill the leopard gecko!
You now have 8/12 mp.
You hit the hobgoblin.
You kill the hobgoblin!
You now have 7/12 mp.
You hit the goblin.
You kill the goblin!
The dart slug launches a dart at you. The slug dart misses you.
You now have 6/12 mp.
Things that are here:
a +0 club; a goblin corpse You hit the dart slug.
You hear an angry hiss.
The adder bites you.
A frilled lizard comes into view.
The dart slug barely misses you. The adder barely misses you.
You take 1 damage, and have 37/43 hp.
You now have 6/12 mp.
You hit the dart slug!
You kill the dart slug!
The bat misses you. The adder bites you.
You are poisoned.
The adder poisons you!
You take 3 damage, and have 34/43 hp.
You now have 5/12 mp.
You puncture the adder!
You kill the adder!
You feel sick. The bat hits you but does no damage. x2
You now have 4/12 mp.
You closely miss the bat. The bat misses you. The orc closely misses you.
You barely miss Ijyb.
You feel sick. Ijyb screams, "I no like you!" Ijyb hits you but does no damage.
The orc closely misses you.
Some of the chunks of flesh in your inventory have rotted away.
You take 1 damage, and have 33/43 hp.
You hit Ijyb!
Ijyb zaps a wand.
The bolt of acid hits you! The acid corrodes you!
You are splashed with acid!
* * * LOW HITPOINT WARNING * * *
You take 25 damage, and have 8/43 hp.
MASSIVE DAMAGE!!
You now have 3/12 mp.
You hit Ijyb.
You feel sick.
An orc comes into view. It is wielding a +0 mace.
Ijyb barely misses you.
You take 1 damage, and have 7/43 hp.
You completely miss Ijyb. You bite Ijyb, but do no damage.
The orc hits you with a +0 short sword.
* * * LOW HITPOINT WARNING * * *
Ijyb closely misses you.
The orc hits you with a +2 dagger of venom.
You die...

#.# #.# #.(## #.# #.#
#(.# #.# #.# #(.#
#.#####.####..## #. #
#.#........)....
##.##.###.#.###.####..##
...?..#..........(......
#...###.###.####..##
###@o##.# #....#..##
#go##.######.#....
#.o..lKb............#..
$.KS.#.o..########......
.!$o #....# #...#.. [o.∆
#....########...#.. !w ∆
#..#.........(..#.. .∆∆
#..#.#########..#..
#.##.# #..#..


You could see Ijyb, 3 orcs, a bat, a kobold and a frilled lizard.

Vanquished Creatures
  A bullfrog (D:3)
  A centaur skeleton (D:3)
  A gnoll (D:2)
  5 adders
  3 worms (D:3)
  3 dart slugs
  2 leopard geckos
  2 orcs (D:3)
  2 ball pythons
  6 giant cockroaches
  5 goblins
  8 hobgoblins
  5 bats
  3 frilled lizards
  7 kobolds
  7 rats
61 creatures vanquished.

Notes
Turn   | Place    | Note
-------+----------+-------------------------------------------
     0 | D:1      | hehateme the Gnoll Skald began the quest for the Orb.
     0 | D:1      | Reached XP level 1. HP: 20/20 MP: 6/6
   174 | D:1      | Reached XP level 2. HP: 26/26 MP: 7/7
   205 | D:1      | Found a shattered altar of Ashenzari.
   998 | D:2      | Learned a level 2 spell: Song of Slaying
  1010 | D:2      | Reached skill level 5 in Spellcasting
  1010 | D:2      | Reached XP level 3. HP: 18/31 MP: 7/9
  1017 | D:2      | Reached skill level 1 in Invocations
  1025 | D:2      | HP: 7/31 [poisoned by an adder]
  1033 | D:2      | HP: 6/31 [poisoned by an adder]
  1041 | D:2      | HP: 5/31 [poisoned by an adder]
  1400 | D:2      | Reached skill level 1 in Short Blades
  1400 | D:2      | Reached skill level 1 in Long Blades
  1400 | D:2      | Reached skill level 1 in Axes
  1400 | D:2      | Reached skill level 1 in Maces & Flails
  1400 | D:2      | Reached skill level 1 in Staves
  1400 | D:2      | Reached skill level 1 in Slings
  1400 | D:2      | Reached skill level 1 in Bows
  1400 | D:2      | Reached skill level 1 in Crossbows
  1400 | D:2      | Reached skill level 1 in Throwing
  1400 | D:2      | Reached skill level 1 in Stealth
  1400 | D:2      | Reached skill level 1 in Shields
  1400 | D:2      | Reached skill level 1 in Unarmed Combat
  1400 | D:2      | Reached skill level 1 in Evocations
  1857 | D:2      | Reached XP level 4. HP: 37/38 MP: 8/11
  2078 | D:2      | Noticed Sigmund
  2211 | D:2      | Found a burning altar of Makhleb.
  2630 | D:3      | Reached skill level 1 in Conjurations
  2630 | D:3      | Reached skill level 1 in Hexes
  2630 | D:3      | Reached skill level 1 in Summonings
  2630 | D:3      | Reached skill level 1 in Necromancy
  2630 | D:3      | Reached skill level 1 in Translocations
  2630 | D:3      | Reached skill level 1 in Transmutations
  2630 | D:3      | Reached skill level 1 in Fire Magic
  2630 | D:3      | Reached skill level 1 in Ice Magic
  2630 | D:3      | Reached skill level 1 in Air Magic
  2630 | D:3      | Reached skill level 1 in Earth Magic
  2630 | D:3      | Reached skill level 1 in Poison Magic
  2983 | D:3      | Noticed a bullfrog
  3007 | D:3      | Killed a bullfrog
  3007 | D:3      | Reached skill level 3 in Armour
  3007 | D:3      | Reached XP level 5. HP: 25/43 MP: 12/12
  3451 | D:3      | Noticed Ijyb
  3465 | D:3      | HP: 8/43 [acid (13)]
  3467 | D:3      | HP: 3/43 [orc/+0 short sword (4)]
  3467 | D:3      | Slain by an orc

Illustrated notes

Levels and vault maps discovered:
D:1:      ncdulo_wetmaze, layout_loops_corners, nicolae_ashenzari_panopticon
D:2:      layout_loops_corners, lemuel_doored_altar, minmay_tromino_i4,
          uniq_sigmund
D:3:      layout_loops_ring, chequers_ecumenical_altar_simple,
          minmay_randomly_rotated_circles, uniq_ijyb

Skill      XL: |  1  2  3  4 |
---------------+-------------+-----
Spellcasting   | 5 |  5.2
Invocations    | 1 |  1.9
Short Blades   | 1 |  1.6
Long Blades    | 1 |  1.6
Axes           | 1 |  1.6
Maces & Flails | 1 |  1.6
Staves         | 1 |  1.6
Slings         | 1 |  1.6
Bows           | 1 |  1.6
Crossbows      | 1 |  1.6
Throwing       | 1 |  1.6
Stealth        | 1 |  1.6
Shields        | 1 |  1.6
Unarmed Combat | 1 |  1.6
Evocations     | 1 |  1.6
Conjurations   | 1 |  1.3
Hexes          | 1 |  1.3
Summonings     | 1 |  1.3
Necromancy     | 1 |  1.3
Translocations | 1 |  1.3
Transmutations | 1 |  1.3
Fire Magic     | 1 |  1.3
Ice Magic      | 1 |  1.3
Air Magic      | 1 |  1.3
Earth Magic    | 1 |  1.3
Poison Magic   | 1 |  1.3
Armour         | 3 |  3.1
Fighting       | |  4.8
Polearms       | |  4.8
Dodging        | |  4.8
Charms         | |  5.6

Action                   |  1- 3 |  4- 6 || total
-------------------------+-------+-------++-------
Melee: Spear             |    99 |    65 ||   164
       Bite              |    10 |    13 ||    23
       Dagger            |       |    52 ||    52
       Punch             |       |     1 ||     1
 Cast: Song of Slaying   |     3 |     3 ||     6
       Infusion          |     2 |     6 ||     8
 Stab: Sleeping          |     3 |     4 ||     7
  Eat: Chunk             |     3 |     5 ||     8
Armor: Leather armour    |    10 |    25 ||    35
Dodge: Dodged            |    53 |    71 ||   124

Levels and vault maps discovered:
D:1:      ncdulo_wetmaze, layout_loops_corners, nicolae_ashenzari_panopticon
D:2:      layout_loops_corners, lemuel_doored_altar, minmay_tromino_i4,
          uniq_sigmund
D:3:      layout_loops_ring, chequers_ecumenical_altar_simple,
          minmay_randomly_rotated_circles, uniq_ijyb

Table legend:
 A = Turns spent in this place as a percentage of turns spent in the entire game.
 B = Non-inter-level travel turns spent in this place as a percentage of non-inter-level travel turns spent in the entire game.
 C = Inter-level travel turns spent in this place as a percentage of turns spent in this place.
 D = Turns resting spent in this place as a percentage of non-inter-level travel turns spent in this place.
 E = Turns spent auto-exploring this place as a percentage of non-inter-level travel turns spent in this place.
 F = Non-inter-level travel turns spent in this place divided by the number of levels of this place that you've seen.
                   A       B       C       D       E      F
               +-------+-------+-------+-------+-------+----------------------
         Total | 100.0 | 100.0 |   2.8 |  20.9 |  65.4 | 1123.3
       Dungeon | 100.0 | 100.0 |   2.8 |  20.9 |  65.4 | 1123.3
               +-------+-------+-------+-------+-------+----------------------

Table legend:
 A = Kills in this place as a percentage of kills in entire the game.
 B = Kills by you in this place as a percentage of kills by you in the entire game.
 C = Kills by friends in this place as a percentage of kills by friends in the entire game.
 D = Other kills in this place as a percentage of other kills in the entire game.
 E = Experience gained in this place as a percentage of experience gained in the entire game.
 F = Experience gained in this place divided by the number of levels of this place that you have seen.
                   A       B       C       D       E      F
               +-------+-------+-------+-------+-------+----------------------
         Total | 100.0 | 100.0 |   N/A |   N/A | 100.0 | 104.0
       Dungeon | 100.0 | 100.0 |   N/A |   N/A | 100.0 | 104.0
               +-------+-------+-------+-------+-------+----------------------
